 Dungeon Crawl Stone Soup version 0.24-a0-439-g6dd8730de2 (webtiles) character file.

Game seed: 12725136379663766367

1099 Ijustatesigmund the Fighter (level 8, -2/92 HPs)
             Began as an Ogre Hunter on June 17, 2019.
             Was a Follower of Cheibriados.
             Slain by a killer bee (8 damage)
             ... on level 6 of the Dungeon.
             The game lasted 00:10:59 (5631 turns).

Ijustatesigmund the Fighter (Ogre Hunter)           Turns: 5631, Time: 00:10:59

Health: -2/92      AC:  4    Str: 20    XL:     8   Next: 32%
Magic:  0/10       EV: 11    Int: 15    God:    Cheibriados [*.....]
Gold:   175        SH:  0    Dex: 14    Spells: 7/7 levels left

rFire    . . .     SeeInvis .   a - +1 flail
rCold    . . .     Gourm    .   (no shield)
rNeg     . . .     Faith    .   b - +0 robe
rPois    .         Spirit   +   (helmet restricted)
rElec    .         Reflect  .   (no cloak)
rCorr    .         Harm     .   (gloves unavailable)
MR       +....                  (boots unavailable)
Stlth    +.........             h - amulet of guardian spirit
HPRegen  0.25/turn              j - +3 ring of slaying
MPRegen  0.12/turn              o - ring of protection from magic

@: very slow
A: large, unfitting armour, hooves 1, blurry vision 1, shaggy fur 1, tough skin
1
a: Bend Time, Renounce Religion


You were on level 6 of the Dungeon.
You worshipped Cheibriados.
Cheibriados was aware of your devotion.
You were not hungry.

You visited 2 branches of the dungeon, and saw 7 of its levels.

You collected 175 gold pieces.

Inventory:

Hand Weapons
 a - a +1 flail (weapon)
Missiles
 c - 5 large rocks (quivered)
 d - 2 throwing nets
Armour
 b - a +0 robe (worn)
Jewellery
 h - an amulet of guardian spirit (around neck)
 j - a +3 ring of slaying (left hand)
 m - an uncursed ring of fire
 o - a ring of protection from magic (right hand)
 s - an uncursed ring of wizardry
Scrolls
 e - a scroll of teleportation
 i - 4 scrolls of remove curse
 l - a scroll of amnesia
Potions
 g - 2 potions of magic
 k - a potion of cancellation
 n - a potion of agility
Comestibles
 f - 10 rations
 p - a chunk of flesh


   Skills:
 + Level 9.2 Fighting
 * Level 4.7 Maces & Flails
 - Level 4.0 Throwing
 + Level 3.0 Dodging
 - Level 0.6 Stealth
 + Level 2.7 Invocations


You had 7 spell levels left.
You didn't know any spells.
Your spell library was empty.

Dungeon Overview and Level Annotations

Branches:
Dungeon (6/15)             Temple (1/1) D:4

Altars:
Ashenzari
Cheibriados
Dithmenos
Elyvilon
Fedhas
Gozag
Hepliaklqana
Kikubaaqudgha
Makhleb
Nemelex Xobeh
Okawaru
Qazlal
Ru
Sif Muna
Trog
Uskayaw
Vehumet
Wu Jian
Xom
Yredelemnul
Zin
The Shining One

Shops:
D:5 [


Innate Abilities, Weirdness & Mutations

You are too large for most types of armour.
You have tough skin. (AC +1)
You have large cloven feet.
Scrolls take you a little longer to read.
You are covered in fur. (AC +1)


Message History

* * * LOW HITPOINT WARNING * * *
The killer bee zombie hits you!
* * * LOW HITPOINT WARNING * * *
Your surroundings suddenly seem different.
A killer bee comes into view.
The killer bee buzzes angrily.
A killer bee comes into view.
The killer bee buzzes angrily.
A worker ant comes into view.
The worker ant twitches its antennae in your direction.
A killer bee comes into view.
The killer bee buzzes angrily.
The killer bee misses you.
Found 32 gold pieces and 17 stones.
Found a stone staircase leading down.
Really read with blurry vision while enemies are nearby?
The killer bee barely misses you.
The killer bee stings you but does no damage.
You begin reading the scroll.
You continue reading the scroll.
The killer bee stings you!
You die...

.............
.......(...
.........
.........
.........
.......
..#.....
..... .......
.y. .# #.....
#y##
...##?.[.
#@y#
.........
.$.....a.#
.........
.........#
.......<.
..........
........Z
..........#
..?......
.....>.....
..)......
.$......##.#
..#......
......... ..
....^....
.....##.#


You could see a worker ant and 3 killer bees.

Vanquished Creatures
  2 phantoms
  2 centaurs (D:5)
  A gnoll sergeant (D:5)
  A jelly (D:5)
  2 crimson imps (D:6)
  A bullfrog skeleton (D:5)
  2 orc priests (D:3)
  2 iguanas (D:5)
  3 worker ants
  3 orc wizards
  Natasha (thrice) (D:3)
  A killer bee zombie (D:5)
  3 gnolls (D:5)
  7 adders
  A shadow imp (D:5)
  An adder zombie (D:5)
  A worm (D:5)
  6 dart slugs
  4 leopard geckos
  10 orcs
  5 giant cockroaches
  3 goblins
  9 hobgoblins
  3 jackals (D:1)
  3 quokkas
  2 ball pythons
  6 bats
  3 frilled lizards
  11 kobolds
  A quokka zombie (D:6)
  9 rats
111 creatures vanquished.

Vanquished Creatures (others)
  A plant (D:1)
1 creature vanquished.

Grand Total: 112 creatures vanquished

Notes
Turn   | Place    | Note
-------+----------+-------------------------------------------
     0 | D:1      | Ijustatesigmund the Ogre Hunter began the quest for the
                  | Orb.
     0 | D:1      | Reached XP level 1. HP: 22/22 MP: 1/1
    28 | D:1      | Reached skill level 3 in Fighting
   158 | D:1      | Reached XP level 2. HP: 16/32 MP: 2/2
   451 | D:1      | Reached skill level 4 in Fighting
   785 | D:1      | Reached XP level 3. HP: 37/40 MP: 3/3
  1071 | D:1      | Reached skill level 5 in Fighting
  1355 | D:2      | Found a sacrificial altar of Ru.
  1356 | D:2      | Reached XP level 4. HP: 52/52 MP: 4/4
  1370 | D:2      | Reached skill level 6 in Fighting
  1884 | D:2      | Found a shadowy altar of Dithmenos.
  1884 | D:2      | Found a white marble altar of Elyvilon.
  1921 | D:2      | Found a blossoming altar of Fedhas.
  1978 | D:2      | Found a stormy altar of Qazlal.
  2168 | D:3      | Noticed Natasha
  2180 | D:3      | Killed Natasha
  2180 | D:3      | Reached XP level 5. HP: 34/61 MP: 5/5
  2196 | D:3      | Reached skill level 7 in Fighting
  2757 | D:3      | Noticed Natasha
  2767 | D:3      | Killed Natasha
  2857 | D:3      | Noticed Natasha
  2867 | D:3      | Killed Natasha
  2867 | D:3      | Reached XP level 6. HP: 60/72 MP: 6/6
  2970 | D:3      | Reached skill level 1 in Maces & Flails
  2979 | D:3      | Reached skill level 8 in Fighting
  3141 | D:3      | Gained mutation: Armour fits poorly on your strangely
                  | shaped body. [potion of mutation]
  3141 | D:3      | Gained mutation: Your flesh is cold resistant. (rC+)
                  | [potion of mutation]
  3142 | D:3      | Lost mutation: Armour fits poorly on your strangely shaped
                  | body. [potion of mutation]
  3142 | D:3      | Lost mutation: Your flesh is cold resistant. (rC+) [potion
                  | of mutation]
  3142 | D:3      | Gained mutation: You are covered in fur. (AC +1) [potion of
                  | mutation]
  3142 | D:3      | Gained mutation: Scrolls take you a little longer to read.
                  | [potion of mutation]
  3142 | D:3      | Gained mutation: You have large cloven feet. [potion of
                  | mutation]
  3197 | D:4      | Noticed a phantom
  3339 | D:4      | Killed a phantom
  3560 | D:4      | Reached XP level 7. HP: 70/81 MP: 7/7
  3834 | D:4      | Found a faded altar of an unknown god.
  3835 | D:4      | Found a staircase to the Ecumenical Temple.
  4079 | Temple   | Entered the Ecumenical Temple
  4086 | Temple   | Became a worshipper of Cheibriados the Contemplative
  4121 | D:5      | Entered Level 5 of the Dungeon
  4308 | D:5      | Found Hexewit's Antique Armour Boutique.
  4354 | D:5      | Reached skill level 1 in Invocations
  4427 | D:5      | Found a snail-covered altar of Cheibriados.
  4601 | D:5      | Reached * piety under Cheibriados
  5013 | D:5      | Reached skill level 9 in Fighting
  5013 | D:5      | Reached XP level 8. HP: 35/92 MP: 2/9
  5375 | D:5      | Found a radiant altar of Vehumet.
  5375 | D:5      | Found a shattered altar of Ashenzari.
  5375 | D:5      | Found an iron altar of Okawaru.
  5375 | D:5      | Found a glowing silver altar of Zin.
  5386 | D:5      | Found an ornate altar of the Wu Jian Council.
  5391 | D:5      | Found an ancient bone altar of Kikubaaqudgha.
  5631 | D:6      | Slain by a killer bee

Levels and vault maps discovered:
D:1:      evilmike_arrival_hilbert_curve, layout_loops_ring,
          lexackson_kobold_supper
D:2:      layout_rooms, grunt_qazlal_clouds,
          nicolae_ru_great_annihilating_truth,
          gammafunk_temple_overflow_elements, fedhas_altar_3
D:3:      layout_basic, uniq_natasha
D:4:      layout_rooms, nicolae_temple_entry_ecumenical, serial_rivers,
          chequers_serial_rivers_small_3, chequers_serial_rivers_room_b,
          chequers_serial_rivers_small_3, chequers_serial_rivers_marsh,
          chequers_serial_rivers_small_3
D:5:      layout_basic, minmay_overflow_temple_hex, first_ration, serial_shops,
          nicolae_shop_trees, kennysheep_slug_shrine
D:6:      layout_rooms
Temple:   minmay_freezing_vapour_temple

Skill      XL: |  1  2  3  4  5  6  7  8 |
---------------+-------------------------+-----
Fighting       | 3 4 5 6 7 8 9 |  9.2
Maces & Flails | 2 4 |  4.7
Dodging        | 2 3 |  3.0
Invocations    | 2 |  2.7
Throwing       | |  4.0
Stealth        | |  0.6

Action                   |  1- 3 |  4- 6 |  7- 9 || total
-------------------------+-------+-------+-------++-------
Melee: Short sword       |   110 |   114 |       ||   224
       Flail             |       |    59 |   101 ||   160
       Kick              |       |     4 |    30 ||    34
Throw: Large rock        |     1 |     7 |     7 ||    15
  Use: Scroll            |     3 |     5 |     6 ||    14
       Potion            |       |     4 |       ||     4
 Stab: Sleeping          |     1 |       |       ||     1
       Paralysed         |       |     1 |       ||     1
  Eat: Chunk             |     1 |     7 |     6 ||    14
Armor: Robe              |    29 |    74 |    37 ||   140
Dodge: Dodged            |    49 |   124 |    56 ||   229

Table legend:
 A = Non-vault XP
 B = Vault XP
 C = Vault XP percentage of total XP
 D = Non-vault monster count
 E = Vault monster count
 F = Vault count percentage of total count
                 A         B        C        D         E       F
            +---------+---------+-------+---------+---------+-------
      Total |    1460 |     111 |   7.1 |      97 |      14 |  12.6
            +---------+---------+-------+---------+---------+-------
        D:1 |      42 |      11 |  20.8 |      21 |       8 |  27.6
        D:2 |      31 |      63 |  67.0 |      11 |       4 |  26.7
        D:3 |     259 |      33 |  11.3 |      29 |       1 |   3.3
        D:4 |     199 |       0 |   0.0 |       5 |       0 |   0.0
        D:5 |     706 |       4 |   0.6 |      27 |       1 |   3.6
        D:6 |     223 |       0 |   0.0 |       4 |       0 |   0.0
            +---------+---------+-------+---------+---------+-------
